Map: Inside and Out

Players

tone

  • Race: Terran Terran
  • League: Diamond
  • Spawn Location: 7:00

CrazyDiamond - Winner!

  • Race: Zerg Zerg
  • League: Diamond
  • Spawn Location: 1:00

VOD

Have the link to the VOD?

Description

Time

  • Played on: Oct. 24, 2022, 9:49 p.m.
  • Length: 9:04
Show
View Real Time Build Order
Export as new Build Order

tone Terran 

Build Orders: Reaper Expand 

Get SALT Encoding   

  12  0:00  SCV  
  13  0:12  SCV  
  14  0:16  Supply Depot  
  14  0:24  SCV  
  15  0:38  Barracks, SCV  
  15  0:42  Refinery  
  16  0:50  SCV  
  17  1:02  SCV  
  18  1:14  SCV  
  19  1:26  Reaper  
  19  1:27  Orbital Command  
  20  1:49  Command Center  
  20  1:53  SCV  
  21  1:54  Supply Depot  
  20  2:08  SCV  
  20  2:11  Marine  
  22  2:24  SCV  
  22  2:29  Factory  
  23  2:36  SCV  
  24  2:38  Barracks Reactor  
  24  2:42  Refinery  
  24  2:48  SCV  
  25  3:00  SCV  
  26  3:13  SCV  
  26  3:19  Orbital Command  
  27  3:25  SCV  
  27  3:28  Hellion x2, Starport  
  27  3:33  Bunker  
  31  3:35  Barracks Tech Lab  
  31  3:37  SCV  
  32  3:44  SCV  
  33  3:49  SCV  
  33  3:50  Hellion x2  
  38  3:56  SCV  
  40  4:03  SCV  
  40  4:04  Supply Depot  
  40  4:05  Viking  
  40  4:09  SCV  
  43  4:11  Hellion, Supply Depot  
  43  4:15  Stimpack, SCV  
  46  4:25  Hellion, SCV, Marine  
  46  4:29  SCV  
  51  4:33  Refinery  
  51  4:34  Hellion  
  51  4:37  SCV  
  54  4:40  Medivac  
  54  4:43  Armory, Marine  
  54  4:44  SCV  
  58  4:47  Hellion, Supply Depot  
  58  4:49  SCV  
  61  4:56  SCV  
  62  5:08  SCV x2, Marine  
  65  5:19  Hellion x2  
  59  5:36  SCV x2  
  59  5:40  Refinery  
  61  5:44  Command Center  
  61  5:47  Marine  
  61  5:48  SCV  
  63  5:52  Engineering Bay x2, Barracks  
  63  5:56  Barracks  
  63  6:05  SCV x2  
  65  6:12  Factory Tech Lab  
  65  6:17  SCV x2  
  67  6:23  Combat Shield  
  67  6:25  Terran Infantry Weapons Level 1, Terran Infantry Armor Level 1  
  67  6:36  Barracks, SCV x2  
  67  6:37  Barracks, Marine  
  70  6:47  Barracks Reactor  
  70  6:56  Siege Tank  
  70  6:58  Marine  
  70  7:01  Starport Reactor  
  74  7:07  SCV x2  
  74  7:08  Orbital Command  
  76  7:16  Marine  
  71  7:23  Marine  
  71  7:25  Barracks Reactor  
  71  7:26  Barracks Reactor  
  71  7:28  Missile Turret  
  72  7:30  Missile Turret  
  72  7:43  SCV x2  
  74  7:46  Marine x3  
  74  7:49  Medivac x2  
  74  7:50  Barracks Reactor  
  81  7:55  SCV x2, Supply Depot  
  81  7:56  Supply Depot  
  83  8:00  Supply Depot, Widow Mine  
  83  8:01  Supply Depot  
  85  8:07  Orbital Command  
  85  8:08  Marine x6  
  85  8:09  Widow Mine  
  93  8:14  Marine  
  93  8:18  Supply Depot  
  90  8:21  Widow Mine  
  90  8:23  Medivac  
  90  8:24  Medivac  
  90  8:26  Marine x6  
  96  8:30  Widow Mine  
  96  8:32  Marine  
  96  8:34  SCV x3  
  102  8:36  Marine x2  
  102  8:42  Widow Mine  
  102  8:44  Marine x6  
Show
View Real Time Build Order
Export as new Build Order

CrazyDiamond Zerg - Winner!

Build Orders: Hatch First 

Get SALT Encoding   

  12  0:03  Drone  
  13  0:09  Drone  
  14  0:16  Overlord  
  14  0:35  Drone x2  
  16  0:36  Drone  
  17  0:52  Hatchery  
  17  0:56  Drone  
  17  0:58  Drone  
  18  1:18  Spawning Pool, Drone  
  19  1:20  Drone  
  19  1:23  Extractor  
  18  1:32  Overlord  
  18  1:41  Drone  
  19  1:53  Drone  
  20  2:06  Zergling x4  
  20  2:07  Queen x2  
  26  2:15  Zergling x2  
  26  2:30  Drone  
  26  2:38  Drone x2  
  26  2:39  Drone x2  
  30  2:48  Drone  
  30  2:49  Drone  
  32  2:53  Metabolic Boost  
  32  2:55  Queen, Overlord  
  34  3:05  Overlord  
  34  3:06  Drone  
  35  3:13  Queen  
  37  3:29  Overlord  
  37  3:30  Drone x3  
  37  3:31  Drone  
  41  3:37  Hatchery  
  41  3:40  Drone x3  
  43  3:44  Zergling x2  
  44  3:58  Lair  
  44  4:00  Zergling x8, Drone  
  49  4:15  Drone x4  
  53  4:18  Zergling x2  
  54  4:29  Spine Crawler  
  53  4:34  Queen  
  53  4:36  Extractor  
  54  4:42  Zergling x10  
  59  4:49  Queen  
  59  4:52  Drone x4, Extractor  
  64  4:53  Drone, Extractor  
  64  5:06  Drone x2  
  66  5:17  Queen  
  66  5:19  Overlord x4  
  66  5:20  Overlord x2  
  62  5:25  Drone x5  
  62  5:27  Spire  
  64  5:33  Zergling x8  
  64  5:34  Evolution Chamber  
  63  5:42  Zergling x6  
  65  5:44  Extractor  
  65  5:46  Extractor  
  63  5:50  Drone x2  
  63  5:51  Drone x3  
  68  5:59  Zergling x8  
  68  6:02  Queen  
  74  6:10  Drone x4  
  78  6:17  Zerg Melee Weapons Level 1  
  78  6:24  Baneling Nest  
  77  6:27  Overseer  
  77  6:45  Mutalisk x5  
  77  6:46  Mutalisk  
  89  6:54  Zerg Flyer Weapons Level 1  
  89  7:00  Drone x2  
  89  7:01  Drone x7  
  94  7:02  Drone  
  94  7:03  Hatchery  
  98  7:08  Evolution Chamber  
  97  7:18  Drone x5  
  97  7:19  Drone x3  
  97  7:21  Overlord  
  105  7:35  Drone  
  105  7:36  Baneling  
  105  7:37  Baneling x4  
  105  7:38  Baneling x2  
  105  7:39  Mutalisk x2  
  105  7:40  Mutalisk x2  
  113  7:49  Overlord x3  
  113  7:50  Overlord  
  112  8:09  Drone x6  
  112  8:10  Drone x6  
  124  8:21  Drone x2  
  124  8:22  Drone x6  
  124  8:26  Overlord  
  132  8:27  Drone x4  
  132  8:34  Extractor  
  135  8:36  Extractor  
  138  8:49  Hatchery  
Tags
 
Add a new tag
Caveats
  • Supply blocks, unpowered buildings, or Contaminate may cause inaccurate times.
  • Supply counts are checked every 10 seconds.